 Dungeon Crawl Stone Soup version 0.30.1-9-gdf580d7c3d (webtiles) character file.

Game seed: 2321754842845057566

145 Chiseanne the Magician (level 5, 0/39 HPs)
             Began as a Demonspawn Wanderer on Oct 13, 2023.
             Slain by an orc
             ... wielding a +1 morningstar of venom
              (9 damage)
             ... on level 3 of the Dungeon.
             The game lasted 00:04:40 (1942 turns).

Chiseanne the Magician (Demonspawn Wanderer)        Turns: 1942, Time: 00:04:40

Health: 0/39       AC:  9    Str: 12    XL:     5   Next: 6%
Magic:  12/12      EV: 10    Int: 12    God:
Gold:   158        SH:  5    Dex: 16    Spells: 14/14 levels left

rFire   . . .        a - +0 mace
rCold   . . .        d - +0 buckler
rNeg    . . .        h - +0 ring mail
rPois   .            (no helmet)
rElec   .            g - +0 cloak
rCorr   .            (no gloves)
SInv    .            (no boots)
Will    .....        (no amulet)
Stlth   +            (no ring)
HPRegen 0.26/turn    (no ring)
MPRegen 0.13/turn

%: no passive effects
@: lethally poisoned (0 -> -11)
A: slimy green scales 2
a: no special abilities


You were on level 3 of the Dungeon.
You visited 1 branch of the dungeon, and saw 3 of its levels.

You collected 158 gold pieces.

Inventory:

Hand Weapons
 a - a +0 mace (weapon)
 o - a +0 flail
Missiles
 i - a throwing net (quivered)
 k - 12 stones
Armour
 d - a +0 buckler (worn)
 g - a +0 cloak (worn)
 h - a +0 ring mail (worn)
Jewellery
 c - a ring of wizardry
 n - a ring of ice
Scrolls
 b - 3 scrolls of teleportation
 m - a scroll of fog
Potions
 e - 2 potions of flight {unknown}
 f - a potion of magic {unknown}
 j - a potion of brilliance {unknown}
 l - a potion of curing {unknown}


   Skills:
 * Level 2.5 Fighting
 * Level 1.7 Armour
 * Level 2.3 Dodging
 * Level 2.3 Shields
 - Level 5.0 Spellcasting
 - Level 1.0 Hexes


You had 14 spell levels left.
You didn't know any spells.
Your spell library contained the following spells:

 Spells                   Type           Power      Damage    Failure   Level
 Slow                     Hex            20%        N/A       38%         1
 Necrotise                Necr           12%        1d4       52%         1
 Sublimation of Blood     Necr           3%         N/A       67%         2
 Confusing Touch          Hex            5%         N/A       77%         3
 Dazzling Flash           Conj/Hex       8%         N/A       83%         3
 Frozen Ramparts          Ice            6%         1d1       88%         3


Dungeon Overview and Level Annotations

Branches:
Dungeon (3/15)

Altars:


Innate Abilities, Weirdness & Mutations

You are mostly covered in slimy green scales. (AC +3)


Message History

The quokka bites you but does no damage.
You hit the quokka.
The quokka is almost dead.
The quokka bites you. The quokka barely misses you.
You sock the quokka!
You kill the quokka!
An orc comes into view.
It is wielding a +1 morningstar of venom.
You see here a quokka corpse.
The orc shouts!
You hit the orc.
The orc is lightly wounded.
The orc closely misses you.
You barely miss the orc.
The orc is lightly wounded.
The orc barely misses you.
You barely miss the orc.
The orc is lightly wounded.
The orc barely misses you.
The orc hits you with a +1 morningstar of venom.
You are poisoned.
You barely miss the orc.
The orc is lightly wounded.
You feel very sick.
The orc hits you with a +1 morningstar of venom.
You are more poisoned.
You hit the orc but do no damage.
You feel very sick.
The orc hits you with a +1 morningstar of venom.
You are lethally poisoned!
The orc barely misses you.
You closely miss the orc.
You feel extremely sick. You block the orc's attack.
You hit the orc.
The orc is moderately wounded.
* * * LOW HITPOINT WARNING * * *
You feel very sick. The orc barely misses you.
The orc hits you with a +1 morningstar of venom!
You die...

*,,,#.#####.....# #.#**** *,,
*,,*#...........# #.b,,,* *,,
*,,*#########'#.## *##o.,,* *,,
*,,,,,,.....#.#..#****,,...,***,,
*,*****#.....#.#.#.#.#,o.<..,,,,,
*,,,,,,#.#............,......,,,,
*****,*#.#####.##+##.#.......♣***
*,,^,,*........#...#......,,****,
*,,,,,*..#####.o@†.'.#,,,,,,**,,,
*,,,,,*,.......#...#..#**,,,**,,,
*,,,,,*,######.##+##,## ****,****
*,,,,,*,*,,,,?..,,,,,,* **,***
*,*,*,*,,,,,.#.#,*,*,** *,,,,
***,*,*,,,,.....****** ***** *
*,*,*,,,..,...* * *
*,*,,,,.#.*##** *
*,*,,,,,*,*********** *


You could see an orc.

Vanquished Creatures
  An orc priest (D:3)
  An orc wizard (D:3)
  3 gnolls
  An adder (D:2)
  3 orcs
  4 endoplasms
  2 giant cockroaches (D:1)
  4 goblins
  5 hobgoblins
  4 jackals (D:1)
  2 quokkas
  7 ball pythons
  5 bats
  4 frilled lizards (D:1)
  2 kobolds
  2 rats
50 creatures vanquished.

Notes
Turn   | Place    | Note
-------+----------+-------------------------------------------
     0 | D:1      | Chiseanne the Demonspawn Wanderer began the quest for the
                  | Orb.
     0 | D:1      | Chiseanne set off with the following items: a +0 dagger, a
                  | scroll of teleportation, a +0 robe, a +0 buckler; and the
                  | following spells available to memorise: Slow, Necrotise,
                  | Sublimation of Blood, Confusing Touch, Dazzling Flash,
                  | Frozen Ramparts.
     0 | D:1      | Reached XP level 1. HP: 15/15 MP: 6/6
   351 | D:1      | Gained mutation: You are partially covered in slimy green
                  | scales. (AC +2) [demonic ancestry]
   351 | D:1      | Reached XP level 2. HP: 21/21 MP: 8/8
   681 | D:1      | Found a faded altar of an unknown god.
  1024 | D:2      | Gained mutation: You are mostly covered in slimy green
                  | scales. (AC +3) [demonic ancestry]
  1024 | D:2      | Reached XP level 3. HP: 22/27 MP: 9/9
  1207 | D:2      | Reached skill level 1 in Armour
  1482 | D:3      | Reached XP level 4. HP: 20/33 MP: 11/11
  1772 | D:3      | Reached XP level 5. HP: 23/39 MP: 12/12
  1942 | D:3      | Slain by an orc

Illustrated notes

Levels and vault maps discovered:
D:1:      amcnicky_arrival_abandoned_market, layout_basic,
          dreamdust_ecumenical_altar_statues
D:2:      layout_basic, serial_bayou_ford_a
D:3:      layout_basic, serial_forest, infiniplex_forest_lined_room_2,
          infiniplex_forest_lined_2, infiniplex_forest_pool,
          infiniplex_forest_lined_3, infiniplex_forest_end_1,
          infiniplex_forest_3_way, infiniplex_forest_corner_2,
          minmay_misc_feat_doors, kennysheep_generic_room_4

Skill      XL: |  1  2  3 |
---------------+----------+-----
Armour         | 1 |  1.7
Fighting       | 2 |  2.5
Dodging        | 2 |  2.3
Shields        | 2 |  2.3
Spellcasting   | |  5.0
Hexes          | |  1.0

Action                     |  1- 3 |  4- 6 || total
---------------------------+-------+-------++-------
  Melee: Mace              |   147 |    68 ||   215
         Dagger            |    15 |       ||    15
    Use: Scroll            |     2 |       ||     2
 Armour: Robe              |     2 |       ||     2
         Leather armour    |     2 |       ||     2
         Ring mail         |    88 |    33 ||   121
  Dodge: Dodged            |   110 |    27 ||   137
  Block: Buckler           |    46 |    17 ||    63
